 Dungeon Crawl Stone Soup version 0.16-a0-2652-gd333f3b (webtiles) character file.

56 RobertPalmer the Poker (level 3, -2/24 HPs)
             Began as an Octopode Gladiator on Nov 23, 2014.
             Was an Initiate of Kikubaaqudgha.
             Shot with a stone by a goblin (6 damage)
             ... on level 3 of the Dungeon.
             The game lasted 00:02:47 (2069 turns).

RobertPalmer the Poker (Octopode Gladiator)         Turns: 2069, Time: 00:02:47

Health: -2/24      AC:  1    Str: 14    XL:     3   Next: 95%
Magic:  3/3        EV: 13    Int: 10    God:    Kikubaaqudgha [......]
Gold:   133        SH:  0    Dex: 13    Spells: 0 memorised, 2 levels left

rFire  . . .     SeeInvis .     a - +0 trident
rCold  . . .     Clarity  .     (no shield)
rNeg   . . .     SustAb   .     c - +0 hat
rPois  .         Gourm    .     (no amulet)
rElec  .         Spirit   .     k - ring of protection from magic
rCorr  .         Warding  .     q - ring of flight
rMut   .         Stasis   .     (no ring)
MR     +....                    (no ring)
Stlth  ++........               (no ring)
                                (no ring)
                                (no ring)
                                (no ring)

@: lethally poisoned, somewhat resistant to hostile enchantments, unstealthy
A: almost no armour, amphibious, 8 rings, constrict 8, camouflage 1, gelatinous
body 1
a: Renounce Religion, Evoke Flight


You were on level 3 of the Dungeon.
You worshipped Kikubaaqudgha.
Kikubaaqudgha was noncommittal.
You were hungry.

You visited 1 branch of the dungeon, and saw 3 of its levels.

You collected 133 gold pieces.


Innate Abilities, Weirdness & Mutations

You cannot wear most types of armour.
You are amphibious.
You can wear up to eight rings at the same time.
You can use your tentacles to constrict many enemies at once.
Your skin changes colour to match your surroundings (Stealth).
Your rubbery body absorbs attacks (AC +1).


   Skills:
 - Level 2.0 Fighting
 + Level 4.7 Polearms
 - Level 2.0 Throwing
 - Level 3.0 Dodging


You had 2 spell levels left.
You didn't know any spells.

Inventory:

Hand weapons
 a - a +0 trident (weapon)
Missiles
 d - 3 throwing nets (quivered)
Armour
 c - a +0 hat (worn)
Jewellery
 k - a ring of protection from magic (left tentacle)
 q - a ring of flight (right tentacle)
 s - a cursed ring of teleportation
Scrolls
 b - a scroll of enchant weapon {unknown}
 e - a scroll of identify
 g - a scroll of teleportation {unknown}
 i - 2 scrolls of remove curse {unknown}
 l - a scroll of recharging {unknown}
 m - a scroll of fear {unknown}
 p - a scroll of fog {unknown}
 t - 3 scrolls of amnesia {unknown}
 u - a scroll of random uselessness {unknown}
Potions
 h - 2 potions of heal wounds {unknown}
 j - a potion of might {unknown}
 n - a potion of brilliance {unknown}
 r - a potion of restore abilities {unknown}
Comestibles
 f - 4 bread rations
 o - a meat ration

Dungeon Overview and Level Annotations

Branches:
Dungeon (3/15)

Altars:
Cheibriados
Dithmenos
Fedhas
Kikubaaqudgha
Qazlal
Sif Muna
Xom
Yredelemnul
Zin

#.####.(..g.....#
#.##..(_........#
#.....(.........
#.#.....w.......#
#.#....⌠........
#.#.............#
#.##....(..#####
#.##..(_.(.#
#.####...#@########
#................<#
##################


You could see a worm and a goblin.


Message History

Kikubaaqudgha accepts your kill.
The goblin unwields an uncursed dagger.
The goblin wields a hunting sling.
The goblin shoots a stone.
The stone misses you.
The goblin shoots a stone.
The stone closely misses you.
You hit the goblin.
The goblin is severely wounded.
The goblin hits you but does no damage.
You are poisoned.
The goblin shoots a stone.
The stone hits you.
You hit the goblin.
You kill the goblin!
Kikubaaqudgha accepts your kill.
You feel sick.
The goblin shoots a stone.
The stone hits you!
* * * LOW HITPOINT WARNING * * *
The goblin shoots a stone.
The stone barely misses you.
Unknown command.
You feel sick.
There is a snail-covered altar of Cheibriados here.
You see here a stone.
You feel sick.
The goblin shoots a stone.
The stone misses you.
The goblin shoots a stone.
The stone hits you.
* * * LOW HITPOINT WARNING * * *
You see here a stone.
* * * LOW HITPOINT WARNING * * *
You feel sick.
The goblin shoots a stone.
The stone barely misses you.
You see here a stone.
The goblin shoots a stone.
The stone hits you.
You die...
Kikubaaqudgha rasps: "You have failed me!
Welcome... death!"

Action                   || total
-------------------------++-------
Melee: Trident           ||    85
  Use: Scroll            ||     3
 Stab: Sleeping          ||     6
  Eat: Chunk             ||     3

Vault maps used:
D:1:      dpeg_arrival_circle_labyrinth_a
D:2:      grunt_temple_overflow_growth_and_decay,
          grunt_temple_overflow_order_and_chaos_1, lemuel_crystal_altar,
          lemuel_zombie_altar_yredelemnul, first_bread, grunt_dithmenos_smoke
D:3:      old_standard_altar, grunt_temple_overflow_open, supply_closet_lemuel,
          uniq_sigmund, uniq_robin

Notes
Turn   | Place    | Note
--------------------------------------------------------------
     0 | D:1      | RobertPalmer, the Octopode Gladiator, began the quest for the Orb.
     0 | D:1      | Reached XP level 1. HP: 14/14 MP: 1/1
   357 | D:1      | Reached XP level 2. HP: 16/19 MP: 2/2
  1034 | D:2      | Noticed an angel
  1035 | D:2      | Found a shimmering altar of Xom.
  1036 | D:2      | Found a glowing silver altar of Zin.
  1220 | D:2      | Reached skill level 4 in Polearms
  1226 | D:2      | Found a deep blue altar of Sif Muna.
  1333 | D:2      | Reached XP level 3. HP: 24/24 MP: 3/3
  1475 | D:2      | Found a shadowy altar of Dithmenos.
  1565 | D:2      | Found a basalt altar of Yredelemnul.
  1597 | D:2      | Found a blossoming altar of Fedhas.
  1604 | D:2      | Found an ancient bone altar of Kikubaaqudgha.
  1698 | D:2      | Became a worshipper of Kikubaaqudgha
  2037 | D:3      | Found a stormy altar of Qazlal.
  2037 | D:3      | Found a snail-covered altar of Cheibriados.
  2069 | D:3      | Shot with a stone by a goblin

Vanquished Creatures
  An adder (D:2)
  2 worms (D:2)
  An ooze (D:2)
  4 bats
  3 giant cockroaches
  3 hobgoblins
  3 jackals (D:2)
  2 ball pythons
  2 giant newts (D:1)
  2 gnoll zombies (D:2)
  3 goblins
  4 kobolds
  3 rats
33 creatures vanquished.
